 Dungeon Crawl Stone Soup version 0.20.1-1-g8b1a95d66d (webtiles) character file.

5587 2ustice the Thaumaturge (level 10, 0/71 HPs)
             Began as a Red Draconian Conjurer on Jan 1, 2018.
             Was a Believer of Vehumet.
             Slain by a hound (8 damage)
             ... on level 8 of the Dungeon.
             The game lasted 00:49:35 (10273 turns).

2ustice the Thaumaturge (Red Draconian Conjurer)   Turns: 10273, Time: 00:49:36

Health: 0/71       AC:  9    Str: 11    XL:     10   Next: 45%
Magic:  1/23       EV: 16    Int: 18    God:    Vehumet [**....]
Gold:   347        SH:  0    Dex: 12    Spells: 15/27 levels left

rFire    + . .     SeeInvis .   j - +4 quarterstaff (chaos)
rCold    . . .     Gourm    .   (shield currently unavailable)
rNeg     . . .     Faith    .   (armour unavailable)
rPois    .         Spirit   .   (helmet restricted)
rElec    .         Reflect  .   B - +0 cloak
rCorr    .         Harm     .   (no gloves)
MR       +....                  i - +0 pair of boots
Stlth    ++........             (no amulet)
Regen    0.3/turn               w - +2 ring of slaying
MPRegen  0.2/turn               x - ring of protection from magic

@: very slightly contaminated
A: breathe fire, unfitting armour, fire resistance 1, cold-blooded, AC +7
a: Breathe Fire, Renounce Religion


You were on level 8 of the Dungeon.
You worshipped Vehumet.
Vehumet was pleased with you.
You were hungry.

You visited 1 branch of the dungeon, and saw 9 of its levels.

You collected 347 gold pieces.

Inventory:

Hand Weapons
 j - a +4 quarterstaff of chaos (weapon)
 m - a +3 flail of protection
Armour
 i - a +0 pair of boots (worn)
 B - a +0 cloak (worn)
Jewellery
 p - an uncursed ring of protection from magic
 w - a +2 ring of slaying (left hand)
 x - a ring of protection from magic (right hand)
Wands
 e - a wand of confusion (18/48)
 f - a wand of flame (19/48)
 r - a wand of acid (10/15)
 t - a wand of flame (1/48)
 C - a wand of scattershot (5/9)
 E - a wand of iceblast (3/15)
Scrolls
 l - 2 scrolls of immolation
 n - 2 scrolls of remove curse
 q - a scroll of blinking
 u - 2 scrolls of fog
 A - a scroll of teleportation {unknown}
 G - a scroll of enchant armour {unknown}
Potions
 g - 2 potions of curing
 h - a potion of berserk rage
 k - 3 potions of agility
 o - 3 potions of mutation
 s - a potion of magic
 v - a potion of heal wounds
 D - a potion of might
 F - 2 potions of flight {unknown}
Books
 a - a book of Conjurations

   Spells                             Type                      Level
   a - Magic Dart                     Conjuration                  1
   b - Searing Ray                    Conjuration                  2
   c - Dazzling Spray                 Conjuration/Hexes            3
   d - Fulminant Prism                Conjuration/Hexes            4
   e - Force Lance                    Conjuration/Translocation    4
   f - Iskenderun's Mystic Blast      Conjuration                  4
Comestibles
 b - 3 bread rations
 c - 2 meat rations
 d - 9 royal jellies


   Skills:
 - Level 1.0 Fighting
 + Level 7.2 Dodging
 - Level 1.7 Stealth
 * Level 9.4 Spellcasting
 + Level 8.1 Conjurations
 + Level 7.3 Fire Magic


You had 15 spell levels left.
You knew the following spells:

 Your Spells              Type           Power        Failure   Level  Hunger
a - Magic Dart            Conj           ####         1%          1    None
b - Dazzling Spray        Conj/Hex       ###...       4%          3    None
c - Searing Ray           Conj           #####.       1%          2    None
d - Iskenderun's Mystic   Conj           #####...     3%          4    ###....
e - Flame Tongue          Conj/Fire      #####        1%          1    None
f - Sting                 Conj/Pois      ###.         1%          1    None


Dungeon Overview and Level Annotations

Branches:
Dungeon (9/15)             Temple (0/1) D:7
   Lair: D:8-11         Orc: D:9-12

Altars:
Ashenzari
Cheibriados
Dithmenos
Makhleb
Trog
Uskayaw
Vehumet
Xom
Yredelemnul
The Shining One

Shops:
D:4 :   D:7 (

Annotations:
D:9 Joseph; cada's ghost, novice DsFi


Innate Abilities, Weirdness & Mutations

You can breathe blasts of fire.
Your fiery red scales are hard. (AC +7)
You cannot fit into any form of body armour.
Your flesh is heat resistant. (rF+)
You are cold-blooded and may be slowed by cold attacks.


Message History

The hound closely misses you. The hound closely misses you.
Casting: Dazzling Spray
Confirm with . or Enter, or press ? or * to list all spells.
Aiming: Dazzling Spray
Press: ? - help, Shift-Dir - straight line, f/p - hound
Aim: a hound (heavily wounded, berserk, fast, unusually strong)
The spray of energy hits the hound.
The hound is heavily wounded.
The hound bites you but does no damage. The hound barely misses you.
The hound barely misses you. x2
The hound bites you.
* * * LOW HITPOINT WARNING * * *
The hound closely misses you. The hound barely misses you. The hound bites you.
* * * LOW HITPOINT WARNING * * *
The hound rages.
The hound misses you. The hound bites you!
You die...

#......# #......#
#......#########
##'#####.......#
##'#####.......#
#.....##.......# ####
########.....##...##### #...
#............##..)########...
#.##########@.)..............
#..........#h................
#######....#.................
#....#.................
#....#.................
#......................
#......................
##.....................
#.###.................


You could see a hound (berserk).

Vanquished Creatures
  A two-headed ogre (D:9)
  The ghost of cada the Insei, a novice OpTm (D:5)
  A queen bee (D:8)
  Prince Ribbit (D:6)
  A hippogriff (D:7)
  A human (D:8)
  A steam dragon (D:6)
  An acid dragon (D:8)
  Edmund (D:4)
  An orc warrior (D:8)
  A sky beast (D:5)
  An ice beast (D:6)
  2 black bears
  3 phantoms
  3 centaurs
  4 ogres
  4 bullfrogs
  2 scorpions
  19 killer bees
  2 howler monkeys (D:7)
  2 crimson imps (D:5)
  A centaur skeleton (D:7)
  3 hounds
  2 jellies
  4 orc priests
  Crazy Yiuf (D:6)
  2 iguanas
  2 orc wizards (D:6)
  Terence (D:3)
  8 worker ants
  2 hound zombies (D:8)
  7 gnolls
  3 adders
  5 shadow imps
  2 oozes
  2 adder skeletons
  A worm (D:6)
  7 leopard geckos
  2 orcs
  A ball python (D:2)
  12 bats
  4 giant cockroaches
  8 goblins
  7 hobgoblins
  6 jackals
  10 kobolds
  4 quokkas
  2 frilled lizards
  A quokka skeleton (D:8)
  10 rats
  A fungus (D:6)
174 creatures vanquished.

Notes
Turn   | Place    | Note
-------+----------+-------------------------------------------
     0 | D:1      | 2ustice the Draconian Conjurer began the quest for the Orb.
     0 | D:1      | Reached XP level 1. HP: 14/14 MP: 3/3
   244 | D:1      | Reached XP level 2. HP: 9/22 MP: 1/5
   452 | D:1      | Reached skill level 1 in Fighting
   461 | D:1      | Found a glowing golden altar of the Shining One.
   625 | D:1      | Reached XP level 3. HP: 28/28 MP: 7/7
  1287 | D:3      | Reached skill level 3 in Spellcasting
  1287 | D:3      | Reached XP level 4. HP: 8/35 MP: 2/8
  1634 | D:3      | Noticed Terence
  1668 | D:3      | Killed Terence
  1678 | D:3      | Learned a level 3 spell: Dazzling Spray
  1803 | D:3      | Noticed a bullfrog
  1828 | D:3      | Killed a bullfrog
  1828 | D:3      | Reached XP level 5. HP: 30/40 MP: 0/10
  2193 | D:3      | Found a snail-covered altar of Cheibriados.
  2199 | D:3      | Found a glowing golden altar of the Shining One.
  2201 | D:3      | Found a shimmering altar of Xom.
  2211 | D:3      | Found a basalt altar of Yredelemnul.
  2212 | D:3      | Found a bloodstained altar of Trog.
  2213 | D:3      | Found a shattered altar of Ashenzari.
  2397 | D:3      | Reached skill level 4 in Spellcasting
  2403 | D:3      | Reached XP level 6. HP: 22/47 MP: 0/12
  2766 | D:3      | Reached skill level 5 in Conjurations
  3295 | D:4      | Found Peopruq's Book Boutique.
  3492 | D:4      | Found a shadowy altar of Dithmenos.
  3573 | D:4      | Noticed Edmund
  3588 | D:4      | Killed Edmund
  3588 | D:4      | Reached skill level 5 in Spellcasting
  3588 | D:4      | Your scales start taking on a fiery red colour.
  3588 | D:4      | Reached XP level 7. HP: 35/52 MP: 3/14
  3588 | D:4      | Gained mutation: Your flesh is heat resistant. (rF+) [Red Draconian growth]
  3866 | D:4      | Learned a level 2 spell: Searing Ray
  3958 | D:5      | Entered Level 5 of the Dungeon
  4008 | D:5      | Found a burning altar of Makhleb.
  4022 | D:5      | Found a radiant altar of Vehumet.
  4032 | D:5      | Became a worshipper of Vehumet
  4254 | D:5      | Noticed cada's ghost (novice OpTm)
  4271 | D:5      | Killed cada's ghost
  4271 | D:5      | Reached skill level 6 in Spellcasting
  4271 | D:5      | Reached XP level 8. HP: 44/59 MP: 2/17
  5118 | D:6      | Reached skill level 5 in Dodging
  5125 | D:6      | Reached skill level 7 in Spellcasting
  5556 | D:6      | Noticed a hand axe
  5557 | D:6      | Noticed a dagger
  5603 | D:6      | Found a hide-covered altar of Uskayaw.
  5925 | D:6      | Learned a level 4 spell: Iskenderun's Mystic Blast
  5954 | D:6      | Noticed Prince Ribbit
  5959 | D:6      | Killed Prince Ribbit
  5959 | D:6      | Reached * piety under Vehumet
  5959 | D:6      | Offered knowledge of Flame Tongue by Vehumet.
  5959 | D:6      | Reached XP level 9. HP: 54/64 MP: 12/20
  5962 | D:6      | Learned a level 1 spell: Flame Tongue
  6056 | D:6      | Reached skill level 8 in Spellcasting
  6056 | D:6      | Reached skill level 1 in Fire Magic
  6190 | D:6      | Found a runed door.
  6195 | D:6      | Noticed Crazy Yiuf
  6203 | D:6      | Killed Crazy Yiuf
  6412 | D:7      | Found Pag Hut's Antique Weapon Shop.
  6519 | D:8      | Noticed a queen bee
  7239 | D:7      | Found a staircase to the Ecumenical Temple.
  7478 | D:8      | Reached skill level 5 in Fire Magic
  8079 | D:8      | Reached ** piety under Vehumet
  8079 | D:8      | Offered knowledge of Sting by Vehumet.
  8083 | D:8      | Learned a level 1 spell: Sting
  8696 | D:8      | Reached XP level 10. HP: 61/71 MP: 4/22
  9581 | D:8      | Reached skill level 9 in Spellcasting
  9761 | D:9      | Noticed cada's ghost (novice DsFi)
 10074 | D:9      | Noticed a two-headed ogre
 10085 | D:9      | Killed a two-headed ogre
 10202 | D:9      | Noticed Joseph
 10273 | D:8      | Slain by a hound

Skill      XL: |  1  2  3  4  5  6  7  8  9 10 |
---------------+-------------------------------+-----
Dodging        | 2 3 4 5 6 7 |  7.2
Fighting       | 1 |  1.0
Spellcasting   | 3 4 5 6 7 8 9 |  9.4
Conjurations   | 5 6 7 8 |  8.1
Fire Magic     | 6 7 |  7.3
Stealth        | |  1.7

Action                   |  1- 3 |  4- 6 |  7- 9 | 10-12 || total
-------------------------+-------+-------+-------+-------++-------
Melee: Unarmed           |    30 |       |       |       ||    30
       Dagger            |    44 |       |     4 |       ||    48
       Tailslap          |    12 |     8 |    11 |     3 ||    34
       Short sword       |    54 |    78 |       |       ||   132
       Flail             |       |     4 |    48 |       ||    52
       Quarterstaff      |       |       |    67 |    39 ||   106
 Cast: Magic Dart        |    31 |    87 |   148 |    41 ||   307
       Dazzling Spray    |       |    10 |    17 |    24 ||    51
       Searing Ray       |       |       |    37 |     9 ||    46
       Iskenderun's Myst |       |       |    11 |     1 ||    12
       Sting             |       |       |     8 |       ||     8
       Flame Tongue      |       |       |     3 |       ||     3
Evoke: Wand              |       |       |     3 |       ||     3
  Use: Scroll            |     3 |     1 |    10 |     2 ||    16
       Potion            |       |     5 |       |     4 ||     9
 Stab: Sleeping          |     6 |       |     1 |       ||     7
       Invisible         |       |     1 |       |     1 ||     2
  Eat: Chunk             |     2 |     3 |    13 |     5 ||    23
       Bread ration      |       |     1 |       |       ||     1
       Royal jelly       |       |       |     2 |       ||     2
Armor: Skin              |    90 |    93 |    72 |    26 ||   281
Dodge: Dodged            |    81 |    85 |   193 |   103 ||   462
